 Dungeon Crawl Stone Soup version 0.18.1-50-g88ac8fd (webtiles) character file.

485 Fiskpinne the Vexing (level 7, -4/36 HPs)
             Began as a Kobold Enchanter on Sept 29, 2016.
             Killed by nerve-wracking pain
             ... invoked by an orc priest
              (11 damage)
             ... on level 4 of the Dungeon.
             The game lasted 00:38:07 (4498 turns).

Fiskpinne the Vexing (Kobold Enchanter)             Turns: 4498, Time: 00:38:08

Health: -4/36      AC:  5    Str:  3 (6)  XL:     7   Next: 35%
Magic:  6/10       EV: 15    Int: 12 (15) God:
Gold:   257        SH:  0    Dex: 14 (17) Spells: 3 memorised, 4 levels left

rFire  . . .     SeeInvis .     a - +1 dagger
rCold  . . .     Gourm    .     b - +1 robe
rNeg   . . .     Faith    .     (shield restricted)
rPois  .         Spirit   .     (no helmet)
rElec  .         Dismiss  .     n - +1 cloak
rCorr  .         Reflect  .     (no gloves)
SustAt .         Harm     .     (no boots)
MR     .....                    (no amulet)
Stlth  +++.......               (no ring)
                                (no ring)

@: not resistant to hostile enchantments, fairly stealthy
A: carnivore 3
a: no special abilities


You were on level 4 of the Dungeon.
You were very full.

You visited 1 branch of the dungeon, and saw 4 of its levels.

You collected 257 gold pieces.

Inventory:

Hand Weapons
 a - a +1 dagger (weapon)
Missiles
 f - 19 poisoned needles
 h - 71 stones (quivered)
Armour
 b - a +1 robe (worn)
 n - a +1 cloak (worn)
Jewellery
 g - a +3 ring of evasion {unknown}
Wands
 w - a wand of acid (3/15)
Scrolls
 e - 2 scrolls of enchant armour
 i - a scroll of immolation
 k - a scroll of teleportation
 u - a scroll of blinking {unknown}
 v - 3 scrolls of identify {unknown}
 x - a scroll of noise {unknown}
Potions
 l - a potion of degeneration
Books
 c - a book of Maledictions

   Spells                             Type                      Level
   a - Corona                         Hexes                        1
   b - Ensorcelled Hibernation        Hexes/Ice                    2
   c - Confuse                        Hexes                        3
   d - Tukima's Dance                 Hexes                        3
   e - Dazzling Spray                 Conjuration/Hexes            3
 q - a book of Transfigurations

   Spells                             Type                      Level
   a - Irradiate                      Conjuration/Transmutation    5
   b - Statue Form                    Transmutation/Earth          6
   c - Hydra Form                     Transmutation                6
   d - Dragon Form                    Transmutation                7
Comestibles
 d - a meat ration
 j - a royal jelly
 o - a beef jerky
 t - a slice of pizza


   Skills:
 + Level 5.2 Short Blades
 - Level 2.4 Dodging
 - Level 4.0 Stealth
 - Level 2.0 Spellcasting
 * Level 6.1 Hexes
 + Level 2.6 Ice Magic


You had 4 spell levels left.
You knew the following spells:

 Your Spells              Type           Power        Failure   Level  Hunger
a - Corona                Hex            ###....      1%          1    ##.....
b - Ensorcelled Hibernat  Hex/Ice        ##....       10%         2    ###....
c - Tukima's Dance        Hex            ###.....     10%         3    ####...


Dungeon Overview and Level Annotations

Branches:
Dungeon (4/15)
 Temple: D:4-7

Altars:
Dithmenos
Ru
Trog


Innate Abilities, Weirdness & Mutations

You are small and have problems with some larger weapons.
You are carnivorous and can eat meat at any time.


Message History

Confirm with . or Enter, or press ? or * to list all spells.
Aiming: Ensorcelled Hibernation
Press: ? - help, Shift-Dir - straight line, f - orc priest
Aim: an orc priest, wielding a mace (hasn't noticed you, chance to defeat MR: 42%)
The orc priest shouts!
The orc priest resists with some effort.
Casting: Ensorcelled Hibernation
Confirm with . or Enter, or press ? or * to list all spells.
Aiming: Ensorcelled Hibernation
Press: ? - help, Shift-Dir - straight line, f/p - orc priest
Aim: an orc priest, wielding a mace (chance to defeat MR: 42%)
The orc priest looks drowsy...
The orc priest shouts!
The orc shouts! x2
The orc priest calls down the wrath of Beogh upon you.
Beogh smites you!
* * * LOW HITPOINT WARNING * * *
The orc completely misses you.
The orc priest invokes the aid of Beogh against you.
Pain shoots through your body!
You die...

..#...#..#..#..##
##.....###...#.#
.#.....#..#....#
.#.....#...#...#
#.#...#.#......###
...#.#...#.......
...............#######.##
........................#
##.#............@..o.#
.....#........####o#.#
##.#.#.######.# ...
#.#...# #.# .o#.# # #####
#.# ..# # #.. ..# ### ...
..#


You could see an orc priest and an orc.

Vanquished Creatures
  An ogre (D:4)
  A phantom (D:4)
  2 hounds (D:4)
  An orc wizard (D:3)
  A hound zombie (D:3)
  A hound skeleton (D:4)
  4 gnolls (D:2)
  6 adders
  An ooze (D:3)
  An adder skeleton (D:4)
  A worm (D:2)
  2 dart slugs (D:2)
  3 giant geckos
  8 orcs
  2 ball pythons
  6 giant cockroaches
  14 goblins
  5 hobgoblins
  A quokka (D:4)
  8 bats
  2 giant newts
  5 kobolds
  14 rats
90 creatures vanquished.

Vanquished Creatures (collateral kills)
  An orc (D:3)
1 creature vanquished.

Grand Total: 91 creatures vanquished

Notes
Turn   | Place    | Note
--------------------------------------------------------------
     0 | D:1      | Fiskpinne the Kobold Enchanter began the quest for the Orb.
     0 | D:1      | Reached XP level 1. HP: 10/10 MP: 3/3
   158 | D:1      | Reached XP level 2. HP: 15/15 MP: 5/5
   826 | D:2      | Reached XP level 3. HP: 19/19 MP: 6/6
  1095 | D:2      | Learned a level 2 spell: Ensorcelled Hibernation
  1099 | D:2      | Learned a level 3 spell: Tukima's Dance
  1268 | D:2      | Reached skill level 4 in Hexes
  1268 | D:2      | Reached XP level 4. HP: 24/24 MP: 2/7
  1637 | D:2      | Reached XP level 5. HP: 23/28 MP: 2/8
  1937 | D:2      | Found a bloodstained altar of Trog.
  2524 | D:3      | Found a sacrificial altar of Ru.
  2530 | D:3      | Reached skill level 1 in Ice Magic
  2664 | D:3      | Reached skill level 5 in Hexes
  2664 | D:3      | Reached XP level 6. HP: 24/32 MP: 2/9
  3222 | D:4      | Found a shadowy altar of Dithmenos.
  3222 | D:4      | Noticed a phantom
  3254 | D:4      | Killed a phantom
  3350 | D:4      | Noticed an ogre
  3473 | D:4      | Killed an ogre
  3473 | D:4      | Reached XP level 7. HP: 36/36 MP: 7/10
  3616 | D:4      | Reached skill level 5 in Short Blades
  3684 | D:4      | Reached skill level 6 in Hexes
  4498 | D:4      | Killed from afar by an orc priest

Skill      XL: |  1  2  3  4  5  6  7 |
---------------+----------------------+-----
Short Blades   | 2 3 4 5 |  5.2
Hexes          | 4 5 6 |  6.1
Ice Magic      | 1 2 |  2.6
Dodging        | |  2.4
Stealth        | |  4.0
Spellcasting   | |  2.0

Action                   |  1- 3 |  4- 6 |  7- 9 || total
-------------------------+-------+-------+-------++-------
Melee: Dagger            |    91 |   166 |    75 ||   332
Throw: Stone             |     1 |     1 |       ||     2
 Cast: Ensorcelled Hiber |     1 |    13 |     7 ||    21
       Corona            |     1 |     1 |       ||     2
       Tukima's Dance    |       |     4 |     2 ||     6
Evoke: Wand              |       |       |     1 ||     1
  Use: Potion            |       |     1 |     5 ||     6
       Scroll            |       |       |     6 ||     6
 Stab: Sleeping          |     7 |    30 |     4 ||    41
       Distracted        |     1 |     1 |       ||     2
  Eat: Chunk             |    10 |     7 |     4 ||    21
Armor: Robe              |    21 |    23 |    16 ||    60
Dodge: Dodged            |    79 |    95 |    59 ||   233
